 Dungeon Crawl Stone Soup version 0.30-a0-879-ga8ba668304 (webtiles) character file.

Game seed: 8403575407115573658

7 Parcival the Conjurer (level 1, 14/14 HPs)
             Began as a Draconian Conjurer on Mar 13, 2023.
             Quit the game on level 1 of the Dungeon.
             The game lasted 00:01:57 (198 turns).

Parcival the Conjurer (Draconian Conjurer)           Turns: 198, Time: 00:01:57

Health: 14/14      AC:  5    Str:  9    XL:     1   Next: 91%
Magic:  2/3        EV: 12    Int: 18    God:
Gold:   38         SH:  0    Dex:  9    Spells: 3/4 levels left

rFire   . . .      SeeInvis .    (no weapon)
rCold   . . .      Faith    .    (no shield)
rNeg    . . .      Spirit   .    (body armour unavailable)
rPois   .          Reflect  .    (helmet restricted)
rElec   .          Rampage  .    (no cloak)
rCorr   .                        (no gloves)
Will    .....                    c - +0 pair of boots
Stlth   ++                       (no amulet)
HPRegen 0.22/turn                (no ring)
MPRegen 0.08/turn                (no ring)

@: no status effects
A: AC +4, unfitting armour, cold-blooded
a: no special abilities


You were on level 1 of the Dungeon.
You visited 1 branch of the dungeon, and saw 1 of its levels.

You collected 38 gold pieces.

Inventory:

Armour
 c - a +0 pair of boots (worn)
Scrolls
 b - a scroll of identify {unknown}
Potions
 a - a potion of magic


   Skills:
 + Level 1.7 Dodging
 + Level 1.7 Stealth
 + Level 2.1 Spellcasting
 + Level 4.3 Conjurations


You had 3 spell levels left.
You knew the following spells:

 Your Spells              Type           Power      Damage    Failure   Level
a - Magic Dart            Conj           68%        1d6       3%          1

Your spell library contained the following spells:

 Spells                   Type           Power      Damage    Failure   Level
 Searing Ray              Conj           34%        2d5       4%          2
 Dazzling Flash           Conj/Hex       18%        N/A       22%         3
 Fulminant Prism          Conj/Hex       4%         3d5       58%         4
 Iskenderun's Mystic Bla  Conj/Tloc      9%         2d4       58%         4


Dungeon Overview and Level Annotations

Branches:
Dungeon (1/15)

Altars:


Innate Abilities, Weirdness & Mutations

Your plain brown scales are hard. (AC +4)
You cannot fit into any form of body armour.
You are cold-blooded and may be slowed by cold attacks.


Message History

The endoplasm is almost dead.
The endoplasm hits you.
You hit the endoplasm.
You kill the endoplasm!
Found 5 atropa-tipped darts and a spear.
Casting: Magic Dart (safe; 3% risk of failure)
Confirm with . or Enter, or press ? or * to list all spells.
You can't see any susceptible monsters within range! (Use Z to cast anyway.)
Found a pair of boots.
A hobgoblin comes into view.
Casting: Magic Dart (safe; 3% risk of failure)
Confirm with . or Enter, or press ? or * to list all spells.
Aiming: Magic Dart (safe; 3% risk of failure)
Press: ? - help, Shift-Dir - straight line, f - hobgoblin
Aim: a hobgoblin (asleep, 100% to hit)
The magic dart hits the hobgoblin.
You kill the hobgoblin!
Found 13 gold pieces.
You see here a +0 pair of boots.
You start putting on your armour.
You continue putting on your +0 pair of boots. x4
You finish putting on your +0 pair of boots.
You now have 13 gold pieces.
You now have 26 gold pieces (gained 13).
Found a whip.
You now have 38 gold pieces (gained 12).
A frilled lizard comes into view.
Casting: Magic Dart (safe; 3% risk of failure)
Confirm with . or Enter, or press ? or * to list all spells.
Aiming: Magic Dart (safe; 3% risk of failure)
Press: ? - help, Shift-Dir - straight line, f - frilled lizard
Aim: a frilled lizard (100% to hit)
The magic dart hits the frilled lizard.
The frilled lizard is heavily wounded.
Welcome back, Parcival the Draconian Conjurer.
Press ? for a list of commands and other information.
Welcome back, Parcival the Draconian Conjurer.
Press ? for a list of commands and other information.
Unknown command.
Are you sure you want to abandon this character and quit the game? (Confirm with "yes".)

#.#..#.#.#.##....#
#.#..#.#.#.##....#
#)#.##.#.#.##....#
#.#....#.#.##....#
#.####.#.#.##....##
#. #.#.#.##......
#. #.# #.##..#.##
#l####.# #.....#.#
#.@....#.#####.#.##
########...........
........#.†.
######..#### ####


You could see a frilled lizard.

Vanquished Creatures
  A dart slug (D:1)
  An endoplasm (D:1)
  2 hobgoblins (D:1)
  A ball python (D:1)
5 creatures vanquished.

Notes
Turn   | Place    | Note
-------+----------+-------------------------------------------
     0 | D:1      | Parcival the Draconian Conjurer began the quest for the
                  | Orb.
     0 | D:1      | Reached XP level 1. HP: 14/14 MP: 3/3
   198 | D:1      | Quit the game

Illustrated notes

Levels and vault maps discovered:
D:1:      spicycebolla_arrival_ecumenical, layout_basic

Action                     || total
---------------------------++-------
  Melee: Unarmed           ||     7
   Cast: Magic Dart        ||     8
 Armour: Skin              ||     2
  Dodge: Dodged            ||     4

Table legend: (Time is in decaauts)
 A = Elapsed time spent in this place.
 B = Non-inter-level travel time spent in this place.
 C = Inter-level travel time spent in this place.
 D = Time resting spent in this place.
 E = Time spent auto-exploring this place.
 F = Levels seen in this place.
 G = Mean time per level.
                   A        B        C        D        E       F      G
               +--------+--------+--------+--------+--------+-----+--------+
         Total |    198 |    193 |      5 |      0 |    154 |   1 |  198.0 |
       Dungeon |    198 |    193 |      5 |      0 |    154 |   1 |  198.0 |
               +--------+--------+--------+--------+--------+-----+--------+

Top non-repeatable levels by time:
     D:1: 198 daAuts
